 Dungeon Sprint DCSS version 0.19-a0-1490-g5dd3618 (webtiles) character file.

6312 poirepourri the Imperceptible (level 10, -9/44 HPs)
             Began as a Spriggan Enchanter on Sept 8, 2016.
             Was the Champion of Dithmenos.
             Mangled by a demonic crawler (11 damage)
             ... in the Dungeon (Sprint I: "Red Sonja").
             The game lasted 00:06:39 (1343 turns).

poirepourri the Imperceptible (Spriggan Enchanter)  Turns: 1343, Time: 00:06:39

Health: -9/44      AC:  5    Str:  7    XL:     10   Next: 64%
Magic:  8/35       EV: 30    Int: 18    God:    Dithmenos [******]
Gold:   944        SH:  0    Dex: 19    Spells: 5 memorised, 19 levels left

rFire  x . .     SeeInvis +     a - +1 dagger
rCold  + . .     Gourm    .     p - +2 robe of Crawling {+Inv Str+3}
rNeg   . . .     Faith    .     (shield restricted)
rPois  .         Spirit   .     (helmet restricted)
rElec  .         Dismiss  .     j - +0 cloak
rCorr  .         Reflect  .     (gloves unavailable)
MR     +....     Harm     .     (boots unavailable)
Stlth  ++++++++++ NoTele   +    (no amulet)
                                o - ring of magical power (curse)
                                k - ring of ice

@: very slightly contaminated, hasted, wreathed by umbra, very quick
A: unfitting armour, see invisible, herbivore 3, speed 3, slow metabolism 2
a: Shadow Step, Shadow Form, Renounce Religion, Evoke Invisibility


You were in the Dungeon.
You worshipped Dithmenos.
Dithmenos was exalted by your worship.
You were not hungry.

You visited 1 branch You collected 1096 gold pieces.
You spent 152 gold pieces at shops.

Inventory:

Hand Weapons
 a - a +1 dagger (weapon)
 m - a +0 blowgun
Armour
 b - a +1 robe
 j - a +0 cloak (worn)
 l - a +0 robe of positive energy
 p - the +2 robe of Crawling (worn) {+Inv Str+3}
   (You found it in the Dungeon)

   It affects your strength (+3).
   It lets you turn invisible.
Jewellery
 k - a ring of ice (left hand)
 o - a cursed ring of magical power (right hand)
Scrolls
 n - a scroll of identify
Potions
 e - 2 potions of curing
 h - 2 potions of magic
 i - a potion of brilliance {unknown}
Books
 c - a book of Maledictions

   Spells                             Type                      Level
   a - Corona                         Hexes                        1
   b - Ensorcelled Hibernation        Hexes/Ice                    2
   c - Confuse                        Hexes                        3
   d - Tukima's Dance                 Hexes                        3
   e - Dazzling Spray                 Conjuration/Hexes            3
Miscellaneous
 q - a disc of storms
Comestibles
 d - 2 bread rations


   Skills:
 + Level 6.0 Short Blades
 + Level 12.8 Dodging
 + Level 23.3 Stealth
 + Level 11.4 Spellcasting
 + Level 15.4 Hexes
 - Level 0.7 Ice Magic


You had 19 spell levels left.
You knew the following spells:

 Your Spells              Type           Power        Failure   Level  Hunger
a - Corona                Hex            ######.      0%          1    None
b - Ensorcelled Hibernat  Hex/Ice        ######       1%          2    None
c - Confuse               Hex            ######..     1%          3    None
d - Tukima's Dance        Hex            ######..     1%          3    None
e - Dazzling Spray        Conj/Hex       #####.       1%          3    None


Dungeon Overview and Level Annotations

Branches:
Dungeon (1/1)

Altars:
Cheibriados
Dithmenos
Elyvilon
Fedhas
Gozag
Hepliaklqana
Kikubaaqudgha
Makhleb
Nemelex Xobeh
Okawaru
Qazlal
Ru
Sif Muna
Trog
Uskayaw
Vehumet
Xom
Yredelemnul
Zin
The Shining One
Jiyva
Lugonu

Shops:
D *!}*?[!=%?=%}[?[[


Innate Abilities, Weirdness & Mutations

You are tiny and cannot use many weapons and most armour.
You have supernaturally acute eyesight. (SInv)
You are a herbivore.
You cover ground extremely quickly.
You need consume almost no food.


Message History

The demonic crawler hits you!
* * * LOW HITPOINT WARNING * * *
The demonic crawler barely misses you.
You are very lightly contaminated with residual magic.
There is an entrance to Saduphy's Distillery here.
There is an ancient bone altar of Kikubaaqudgha here.
There is a glowing golden altar of the Shining One here.
You don't have enough magic at the moment.
There is an iron altar of Okawaru here.
Okay, then.
The demonic crawler misses you. The demonic crawler hits you.
* * * LOW HITPOINT WARNING * * *
The demonic crawler completely misses you.
There is an entrance to Saduphy's Distillery here.
You feel better.
The demonic crawler completely misses you. x2
The demonic crawler misses you. The demonic crawler hits you!
* * * LOW HITPOINT WARNING * * *
The demonic crawler hits you!
You die...

#######################
#<.#..'..#.)'..#__#s.'.
#..').#.)'..#..'..'..#.
#..#####'#####'#s_####)
#..####..#...#.####§§##
#..#__####..##.#≈§§§§#§
#..#__ss§##'#§.§§§§..§.
#⌠⌠#_.@§§§§s.._#§§§§)#.
####_..§§##_.#'##'#####
*,,#__§§_###'#.#...(###
############.####'###.#
#∩^.......'.).'.....'(∩
###++++####.(.#########
*,,,,,,,*###.###.......
*,,,,,,,,#.#'#.#.......
*,,*,,,,,#.....#'''####


You could see 2 demonic crawlers.

Vanquished Creatures
  2 centaur warriors (D)
  Sonja (D)
  A deep troll (D)
  2 unseen horrors (D)
  An oklob plant (D)
  2 kobold demonologists (D)
  A slime creature (D)
  Sigmund (D)
  2 redbacks (D)
  A yak (D)
  2 giant eyeballs (D)
  A wasp (D)
  7 necrophages (D)
  An ogre (D)
  8 jellies (D)
  Ijyb (D)
  5 ballistomycetes (D)
  A giant spore (D)
40 creatures vanquished.

Vanquished Creatures (others)
  A giant spore (D)
1 creature vanquished.

Grand Total: 41 creatures vanquished

Notes
Turn   | Place    | Note
-------+----------+-------------------------------------------
     0 | D        | poirepourri the Spriggan Enchanter began the quest for the Orb.
     0 | D        | Reached XP level 1. HP: 9/9 MP: 5/5
     3 | D        | Noticed Ijyb
    11 | D        | Killed Ijyb
    11 | D        | Reached skill level 7 in Stealth
    11 | D        | Reached skill level 5 in Hexes
    11 | D        | Reached XP level 2. HP: 13/13 MP: 5/8
    61 | D        | Learned a level 2 spell: Ensorcelled Hibernation
    79 | D        | Noticed an ogre
    82 | D        | Killed an ogre
    82 | D        | Reached skill level 5 in Dodging
    82 | D        | Reached skill level 9 in Stealth
    82 | D        | Reached skill level 5 in Spellcasting
    82 | D        | Reached XP level 3. HP: 16/16 MP: 8/10
    82 | D        | Reached XP level 4. HP: 21/21 MP: 9/12
    94 | D        | Noticed Sigmund
    97 | D        | Killed Sigmund
    97 | D        | Reached skill level 11 in Stealth
    97 | D        | Reached XP level 5. HP: 24/24 MP: 11/15
   135 | D        | Found a deep blue altar of Sif Muna.
   137 | D        | Found a radiant altar of Vehumet.
   143 | D        | Reached XP level 6. HP: 22/28 MP: 13/16
   187 | D        | Learned a level 3 spell: Confuse
   191 | D        | Learned a level 3 spell: Tukima's Dance
   195 | D        | Learned a level 3 spell: Dazzling Spray
   233 | D        | Found Saduphy's Distillery.
   233 | D        | Found an ancient bone altar of Kikubaaqudgha.
   233 | D        | Found a hazy altar of Hepliaklqana.
   233 | D        | Found a stormy altar of Qazlal.
   233 | D        | Found a hide-covered altar of Uskayaw.
   233 | D        | Found a blossoming altar of Fedhas.
   233 | D        | Found a bloodstained altar of Trog.
   233 | D        | Found an iron altar of Okawaru.
   233 | D        | Found a basalt altar of Yredelemnul.
   233 | D        | Found a glowing golden altar of the Shining One.
   233 | D        | Found a snail-covered altar of Cheibriados.
   233 | D        | Found a sacrificial altar of Ru.
   233 | D        | Found a glowing silver altar of Zin.
   233 | D        | Found a shadowy altar of Dithmenos.
   233 | D        | Found a white marble altar of Elyvilon.
   233 | D        | Noticed a yak
   234 | D        | Found an opulent altar of Gozag.
   235 | D        | Killed a yak
   235 | D        | Reached skill level 13 in Stealth
   235 | D        | Reached skill level 10 in Hexes
   236 | D        | Found a sparkling altar of Nemelex Xobeh.
   244 | D        | Became a worshipper of Dithmenos the Shadowed
   249 | D        | Bought a potion of heal wounds for 60 gold pieces
   264 | D        | Found a burning altar of Makhleb.
   264 | D        | Found a viscous altar of Jiyva.
   264 | D        | Found a shimmering altar of Xom.
   264 | D        | Found a corrupted altar of Lugonu.
   264 | D        | Noticed a slime creature
   267 | D        | Killed a slime creature
   267 | D        | Reached skill level 14 in Stealth
   267 | D        | Reached XP level 7. HP: 32/32 MP: 17/19
   291 | D        | Noticed a centaur warrior
   293 | D        | Noticed a centaur warrior
   297 | D        | Killed a centaur warrior
   297 | D        | Reached skill level 16 in Stealth
   297 | D        | Reached XP level 8. HP: 36/36 MP: 20/22
   298 | D        | Killed a centaur warrior
   298 | D        | Reached * piety under Dithmenos
   298 | D        | Reached skill level 10 in Dodging
   298 | D        | Reached skill level 18 in Stealth
   309 | D        | Reached XP level 9. HP: 39/39 MP: 21/23
   372 | D        | Noticed an oklob plant
   578 | D        | Noticed a deep troll
   580 | D        | Killed a deep troll
   580 | D        | Reached skill level 19 in Stealth
   580 | D        | Reached skill level 10 in Spellcasting
   596 | D        | Found Joegetil's Armour Emporium.
   603 | D        | Bought a +0 cloak for 45 gold pieces
   603 | D        | Bought a +0 robe of positive energy for 47 gold pieces
   625 | D        | Noticed Sonja
   628 | D        | Killed Sonja
   628 | D        | Reached ** piety under Dithmenos
   628 | D        | Reached skill level 20 in Stealth
   663 | D        | Found Jonu Xoul's Assorted Antiques.
   699 | D        | Noticed a kobold demonologist
   700 | D        | Noticed a kobold demonologist
   703 | D        | Killed a kobold demonologist
   707 | D        | Killed a kobold demonologist
   730 | D        | Noticed a demonic crawler
   730 | D        | Noticed a demonic crawler
   730 | D        | Noticed a demonic crawler
   730 | D        | Noticed a demonic crawler
  1030 | D        | Killed an oklob plant
  1030 | D        | Reached *** piety under Dithmenos
  1030 | D        | Reached skill level 5 in Short Blades
  1030 | D        | Reached skill level 21 in Stealth
  1030 | D        | Reached skill level 15 in Hexes
  1030 | D        | Reached XP level 10. HP: 44/44 MP: 19/25
  1085 | D        | Noticed an unseen horror
  1086 | D        | Noticed an unseen horror
  1092 | D        | Killed an unseen horror
  1092 | D        | Reached skill level 22 in Stealth
  1094 | D        | Killed an unseen horror
  1094 | D        | Reached **** piety under Dithmenos
  1106 | D        | Reached ***** piety under Dithmenos
  1108 | D        | Paralysed by a giant eyeball for 3 turns
  1124 | D        | Reached skill level 23 in Stealth
  1127 | D        | Reached ****** piety under Dithmenos
  1147 | D        | Got a dull robe
  1171 | D        | Identified the +2 robe of Crawling {+Inv Str+3} (You found it in the Dungeon)
  1218 | D        | Found Uthex's General Store.
  1218 | D        | Found Raobruv's Gadget Shop.
  1218 | D        | Found Fokko's Magic Scroll Boutique.
  1220 | D        | Found Hutuesyo's Antique Armour Emporium.
  1220 | D        | Found Lych's Distillery.
  1220 | D        | Found Rodghey's Jewellery Shoppe.
  1220 | D        | Found Rem Pyn's Food Boutique.
  1220 | D        | Found Doush's Magic Scroll Emporium.
  1220 | D        | Found Astri's Jewellery Shop.
  1220 | D        | Found Etzi's Food Shoppe.
  1224 | D        | Found Vegey's Gadget Boutique.
  1225 | D        | Found Siluicai's Magic Scroll Emporium.
  1225 | D        | Found Neliqo's Armour Boutique.
  1226 | D        | Found Vulil's Armour Emporium.
  1343 | D        | HP: 2/44 [demonic crawler (9)]
  1343 | D        | Mangled by a demonic crawler

Vault maps used:
D:        dungeon_sprint_1

Skill      XL: |  1  2  3  4  5  6  7  8  9 10 |
---------------+-------------------------------+-----
Dodging        | 4 5 6 7 8 9 10 12 | 12.8
Stealth        | 7 9 11 14 16 18 21 23 | 23.3
Spellcasting   | 4 5 6 8 9 10 11 | 11.4
Hexes          | 5 7 9 11 12 13 15 | 15.4
Short Blades   | 2 3 5 6 |  6.0
Ice Magic      | |  0.7

Action                   |  1- 3 |  4- 6 |  7- 9 | 10-12 || total
-------------------------+-------+-------+-------+-------++-------
Melee: Dagger            |     6 |     5 |   117 |    25 ||   153
 Cast: Corona            |     1 |       |       |       ||     1
       Ensorcelled Hiber |       |     1 |     2 |     1 ||     4
       Confuse           |       |       |     2 |    12 ||    14
       Dazzling Spray    |       |       |     1 |       ||     1
  Use: Potion            |     1 |       |       |     4 ||     5
       Scroll            |       |       |     3 |       ||     3
 Stab: Sleeping          |     1 |     4 |     8 |    18 ||    31
       Confused          |       |       |     1 |     1 ||     2
Armor: Robe              |       |       |       |     4 ||     4
Dodge: Dodged            |     4 |     1 |    12 |    44 ||    61
